 Dungeon Crawl Stone Soup version 0.18-a0-1570-gf60b0ab (webtiles) character file.

51 M4edhros the Poker (level 3, -3/26 HPs)
             Began as an Octopode Chaos Knight on Mar 14, 2016.
             Splashed by a jelly's acid (7 damage)
             ... on level 1 of the Dungeon.
             The game lasted 00:03:12 (4517 turns).

M4edhros the Poker (Octopode Chaos Knight)          Turns: 4517, Time: 00:03:13

Health: -3/26      AC: -3    Str: 11    XL:     3   Next: 81%
Magic:  3/3        EV: 12    Int: 14    God:    Xom [...*..]
Gold:   44         SH:  0    Dex: 12    Spells: 0 memorised, 2 levels left

rFire  . . .     SeeInvis .     a - +0 spear (chaos)
rCold  . . .     Gourm    .     (no shield)
rNeg   . . .     Faith    .     (helmet restricted)
rPois  .         Spirit   .     (no amulet)
rElec  .         Dismiss  .     (no ring)
rCorr  .         Reflect  .     (no ring)
SustAt .         Harm     .     (no ring)
MR     .....                    (no ring)
Stlth  ++........               (no ring)
                                (no ring)
                                (no ring)
                                (no ring)

@: corroded equipment, not resistant to hostile enchantments, unstealthy
A: almost no armour, amphibious, 8 rings, constrict 8, camouflage 1, gelatinous
body 1
a: Renounce Religion


You were on level 1 of the Dungeon.
You worshipped Xom.
You were a favourite toy of Xom.
You were hungry.

You visited 1 branch of the dungeon, and saw 1 of its levels.

You collected 44 gold pieces.

Inventory:

Hand Weapons
 a - a +0 spear of chaos (weapon)
Missiles
 g - 16 stones (quivered)
Scrolls
 c - a scroll of enchant armour {unknown}
 d - a scroll of remove curse {unknown}
 e - 2 scrolls of identify {unknown}
Potions
 f - a potion of heal wounds {unknown}
Comestibles
 b - 2 bread rations
 h - a beef jerky


   Skills:
 - Level 3.0 Fighting
 + Level 4.6 Polearms
 - Level 2.3 Dodging


You had 2 spell levels left.
You didn't know any spells.

Dungeon Overview and Level Annotations

Branches:
Dungeon (1/15)

Altars:


Innate Abilities, Weirdness & Mutations

You cannot wear most types of armour.
You are amphibious.
You can wear up to eight rings at the same time.
You can use your tentacles to constrict eight enemies at once.
Your skin changes colour to match your surroundings (Stealth).
Your rubbery body absorbs attacks (AC +1).


Message History

You hit the kobold but do no damage.
You constrict the kobold, but do no damage.
The kobold closely misses you.
You hit the kobold.
You lose your grip on the jelly.
The kobold evaporates and reforms as a jelly!
Xom thinks this is hilarious!
Your tentacles burn!
You hit the jelly.
Your tentacles burn!
The jelly is lightly wounded.
The jelly hits you.
You are splashed with acid!
The acid corrodes you!
The acid burns!
You hit the jelly.
Your tentacles burn!
* * * LOW HITPOINT WARNING * * *
The air around you crackles with energy!
The jelly is heavily wounded.
The jelly hits you.
* * * LOW HITPOINT WARNING * * *
You are splashed with acid!
The acid burns!
You die...
Xom guffaws!

∆ #. #.## ### #...
..# # #..# #.#
####†# #..# #.#
#.@J.# #..# #.##
#.#### #..####...
#[# #.........
#.########.######.#
#..........#####.#.
#.##########....#..
#.# ##)###... #..
#.......# #..
#..####.#


You could see a jelly.

Vanquished Creatures
  A worm (D:1)
  A dart slug (D:1)
  A giant gecko (D:1)
  9 bats (D:1)
  2 giant cockroaches (D:1)
  2 hobgoblins (D:1)
  6 jackals (D:1)
  A giant newt (D:1)
  10 goblins (D:1)
  7 kobolds (D:1)
  2 rats (D:1)
42 creatures vanquished.

Notes
Turn   | Place    | Note
--------------------------------------------------------------
     0 | D:1      | M4edhros the Octopode Chaos Knight began the quest for the Orb.
     0 | D:1      | Reached XP level 1. HP: 16/16 MP: 1/1
    56 | D:1      | XOM: divination: detect creatures
   863 | D:1      | XOM: mild Erth miscast
   865 | D:1      | Reached XP level 2. HP: 21/21 MP: 2/2
  1180 | D:1      | XOM is BORED!
  1180 | D:1      | XOM: mild Trmt miscast
  1520 | D:1      | XOM: divination: detect items
  1809 | D:1      | XOM: medium Tloc miscast
  1824 | D:1      | Reached skill level 4 in Polearms
  1968 | D:1      | XOM: vitrification
  2193 | D:1      | Reached XP level 3. HP: 23/26 MP: 3/3
  2578 | D:1      | XOM: noise
  2600 | D:1      | XOM: harmless Summ miscast
  3505 | D:1      | XOM: 3-stop teleportation journey
  3669 | D:1      | XOM: god gift: plate armour {god gift}
  4234 | D:1      | XOM: god gift: amethyst potion
  4313 | D:1      | XOM: god gift: cloak {god gift}
  4349 | D:1      | XOM: mild Fire miscast
  4457 | D:1      | XOM: god gift: 28 gold pieces
  4517 | D:1      | Splashed by a jelly's acid

Vault maps used:
D:1:      arrival_zaba_pyramid

Skill      XL: |  1  2 |
---------------+-------+-----
Polearms       | 4 |  4.6
Fighting       | |  3.0
Dodging        | |  2.3

Action                   || total
-------------------------++-------
Melee: Spear             ||    97
  Use: Potion            ||     1
 Stab: Paralysed         ||     2
       Sleeping          ||     3
       Distracted        ||     1
  Eat: Chunk             ||    10
